 Dungeon Crawl Stone Soup version 0.30-a0-377-g5cb311bc9f (webtiles) character file.

Game seed: 13639611102445700305

25 retardedninja the Trooper (level 3, 0/33 HPs)
             Began as a Hill Orc Fighter on Nov 30, 2022.
             Slain by Sigmund
             ... wielding a +5 scythe of protection
              (9 damage)
             ... on level 2 of the Dungeon.
             The game lasted 00:01:36 (1031 turns).

retardedninja the Trooper (Hill Orc Fighter)        Turns: 1031, Time: 00:01:36

Health: 0/33       AC:  6    Str: 20    XL:     3   Next: 6%
Magic:  3/3        EV:  9    Int:  8    God:
Gold:   60         SH:  0    Dex: 10    Spells: 2/2 levels left

rFire   . . .      SeeInvis .    a - +0 war axe
rCold   . . .      Faith    .    c - +0 buckler
rNeg    . . .      Spirit   .    b - +0 scale mail
rPois   .          Reflect  .    (no helmet)
rElec   .          Harm     .    (no cloak)
rCorr   .          Rampage  .    (no gloves)
Will    .....                    (no boots)
Stlth   ..........               (no amulet)
HPRegen 0.25/turn                (no ring)
MPRegen 0.08/turn                (no ring)

@: confused, mighty
A: no striking features
a: no special abilities


You were on level 2 of the Dungeon.
You visited 1 branch of the dungeon, and saw 2 of its levels.

You collected 60 gold pieces.

Inventory:

Hand Weapons
 a - a +0 war axe (weapon)
Missiles
 e - 20 stones (quivered)
 j - 5 boomerangs
Armour
 b - a +0 scale mail (worn)
 c - a +0 buckler (worn)
Jewellery
 h - a ring of poison resistance
 i - a ring of fire
Scrolls
 f - a scroll of identify {unknown}
 g - a scroll of magic mapping {unknown}
Potions
 k - a potion of resistance {unknown}


   Skills:
 + Level 4.0 Fighting
 + Level 3.2 Axes
 + Level 3.6 Armour
 + Level 3.6 Shields


You had 2 spell levels left.
You didn't know any spells.
Your spell library contained the following spells:

 Spells                   Type           Power      Damage    Failure   Level
 Blink                    Tloc           0%         N/A       94%         2
 Momentum Strike          Conj/Tloc      0%         3d8       94%         2
 Lesser Beckoning         Tloc           0%         N/A       99%         3


Dungeon Overview and Level Annotations

Branches:
Dungeon (2/15)

Altars:

Annotations:
D:2 Sigmund


Message History

A rat is nearby!
You hit the rat but do no damage. The rat bites you.
You block the rat's attack.
You slash the rat!
You kill the rat!
No target in view!
No target in view!
No target in view!
No target in view!
No target in view!
No target in view!
No target in view!
No target in view!
You see here a rat corpse.
Found a stone staircase leading up.
Sigmund and a ball python come into view.
Sigmund is wielding a +5 scythe of protection.
Sigmund shouts!
The ball python hisses angrily.
Sigmund casts a spell.
Sigmund flickers and vanishes!
Deactivating autopickup; reactivate with Ctrl-A.
You slash the ball python!
You kill the ball python!
A giant cockroach comes into view.
You see here a rat corpse.
Something hits you! Something hits you!
You completely miss something. Something hits you but does no damage.
You miss something. Something hits you.
* * * LOW HITPOINT WARNING * * *
You feel very mighty all of a sudden.
You barely miss something. Something hits you but does no damage.
You barely miss something.
You hear some strange, mumbled words.
You are confused.
You completely miss something. Something hits you but does no damage.
You slash something! Something hits you.
* * * LOW HITPOINT WARNING * * *
You barely miss something. Something hits you!
You die...

.. ... #........††..> # #.
.B< #..#.......... #.#.. #.#
#............. .... ..#
#.#....####### #...#.#
.###.#.#..###...# #.#...#.#
>........>##..... #.......#
###......#...... #.#
#.########...###......
.....##.#.{@....###.##.#...#
...).....†#####.# #..#.#.#.#
#.#######.# #.###..)†..<..
#.# ##...#.#.#.#.# #.#
##.##........ #.#
#.####.#.#.# #.# #.#
#....... #.# #.# ##.#.#.#
#.. ..# #######


There were no monsters in sight!

Vanquished Creatures
  2 worms (D:2)
  A ball python (D:2)
  5 goblins
  A hobgoblin (D:1)
  2 jackals (D:1)
  2 quokkas (D:1)
  5 rats
18 creatures vanquished.

Notes
Turn   | Place    | Note
-------+----------+-------------------------------------------
     0 | D:1      | retardedninja the Hill Orc Fighter began the quest for the
                  | Orb.
     0 | D:1      | Reached XP level 1. HP: 19/19 MP: 1/1
   200 | D:1      | Reached XP level 2. HP: 24/27 MP: 2/2
   892 | D:2      | Reached skill level 4 in Fighting
   892 | D:2      | Reached XP level 3. HP: 33/33 MP: 3/3
  1009 | D:2      | Noticed Sigmund
  1031 | D:2      | Slain by Sigmund

Illustrated notes

Levels and vault maps discovered:
D:1:      sevenhm_arrival_forest_fort_large_4, layout_loops_corners
D:2:      layout_loops_cross, st_stairs_8, pf_guarded_unrand_woodcutter,
          uniq_sigmund, uniq_crazy_yiuf_cottage

Skill      XL: |  1  2 |
---------------+-------+-----
Axes           | 3 |  3.2
Fighting       | 4 |  4.0
Armour         | |  3.6
Shields        | |  3.6

Action                   || total
-------------------------++-------
Melee: War axe           ||    57
Throw: Stone             ||     2
  Use: Potion            ||     1
Armor: Scale mail        ||    23
Dodge: Dodged            ||    17
Block: Buckler           ||    14

Table legend: (Time is in decaauts)
 A = Elapsed time spent in this place.
 B = Non-inter-level travel time spent in this place.
 C = Inter-level travel time spent in this place.
 D = Time resting spent in this place.
 E = Time spent auto-exploring this place.
 F = Levels seen in this place.
 G = Mean time per level.
                   A        B        C        D        E       F      G
               +--------+--------+--------+--------+--------+-----+--------+
         Total |   1052 |   1019 |     33 |      0 |    804 |   2 |  526.0 |
       Dungeon |   1052 |   1019 |     33 |      0 |    804 |   2 |  526.0 |
               +--------+--------+--------+--------+--------+-----+--------+

Top non-repeatable levels by time:
     D:1: 865 daAuts
     D:2: 186 daAuts
